 Dungeon Crawl Stone Soup version 0.24-a0-181-gd121a6d (console) character file.

Game seed: 10813433994777454115

6 Duffy the Insei (level 1, 0/13 HPs)
             Began as an Octopode Transmuter on Mar 14, 2019.
             Slain by a jackal (3 damage)
             ... on level 1 of the Dungeon.
             The game lasted 00:00:11 (80 turns).

Duffy the Insei (Octopode Transmuter)                 Turns: 80, Time: 00:00:11

Health: 0/13       AC:  1    Str:  9    XL:     1   Next: 90%
Magic:  3/3        EV: 13    Int: 15    God:
Gold:   0          SH:  0    Dex: 12    Spells: 3/4 levels left

rFire    . . .     SeeInvis .     - Unarmed
rCold    . . .     Gourm    .   (no shield)
rNeg     . . .     Faith    .   (helmet restricted)
rPois    .         Spirit   .   (no amulet)
rElec    .         Reflect  .   (no ring)
rCorr    .         Harm     .   (no ring)
MR       .....                  (no ring)
Stlth    ++........             (no ring)
HPRegen  0.04/turn              (no ring)
MPRegen  0.08/turn              (no ring)
                                (no ring)
                                (no ring)

@: no status effects
A: almost no armour, stealthy swim, amphibious, 8 rings, constrict 8, camouflage
1, gelatinous body 1
a: no special abilities


You were on level 1 of the Dungeon.
You were not hungry.

You visited 1 branch of the dungeon, and saw 1 of its levels.

Inventory:

Missiles
 a - 12 arrows
Scrolls
 b - a scroll of identify {unknown}
Comestibles
 c - a ration
 d - a chunk of flesh


   Skills:
 - Level 1.0 Fighting
 - Level 2.0 Dodging
 + Level 3.1 Unarmed Combat
 + Level 2.1 Spellcasting
 + Level 2.2 Transmutations


You had 3 spell levels left.
You knew the following spells:

 Your Spells              Type           Power        Failure   Level  Hunger
h - Beastly Appendage     Tmut           #.....       9%          1    #......

Your spell library contained the following spells:

 Spells                   Type           Power        Failure   Level  Hunger
 Sticks to Snakes         Tmut           #.......     13%         2    ###....
 Spider Form              Tmut/Pois      #.........   38%         3    ###....
 Ice Form                 Ice/Tmut       #.......     80%         4    #####..
 Blade Hands              Tmut           #.........   94%         5    ######.


Dungeon Overview and Level Annotations

Branches:
Dungeon (1/15)

Altars:


Innate Abilities, Weirdness & Mutations

You cannot wear most types of armour.
You are very stealthy in the water. (Stealth+)
You are amphibious.
You can wear up to eight rings at the same time.
You can use your tentacles to constrict eight enemies at once.
Your skin changes colour to match your surroundings (Stealth+).
Your rubbery body absorbs attacks. (AC +1, EV +1)


Message History

You kill the hobgoblin!
The jackal bites you.
You see here a +0 dagger.
The jackal completely misses you. The jackal bites you.
The jackal barely misses you.
Found 6 stones.
There is an escape hatch in the floor here.
You closely miss the jackal. You grab the jackal.
You constrict the jackal, but do no damage.
The jackal misses you.
You tentacle-slap the jackal. x2
The jackal is almost dead.
You constrict the jackal, but do no damage.
The jackal bites you. The jackal closely misses you.
You tentacle-slap the jackal.
You kill the jackal!
The jackal bites you.
You barely miss the jackal. You grab the jackal. You constrict the jackal.
The jackal bites you.
You die...

.............>....
..(.
..#####%........#
.$# ....#
#.........####..#
..###
####.######.....#
.#..# ##...#
#.)%..# .+..#
#..### ###..##.#
#######.## ##?..##
.# ....##..#
####..#h# #
+##.#..####....##@#
#.#.......#####.#
#.#......## #.#
###.#......# #.#
....#......# #.#
....#......# ..#
'####......# (##
..# #>...... . ..#
#..###...


You could see a jackal.

Vanquished Creatures
  A leopard gecko (D:1)
  A goblin (D:1)
  A hobgoblin (D:1)
  A jackal (D:1)
4 creatures vanquished.

Notes
Turn   | Place    | Note
-------+----------+-------------------------------------------
     0 | D:1      | Duffy the Octopode Transmuter began the quest for the Orb.
     0 | D:1      | Reached XP level 1. HP: 13/13 MP: 3/3
    80 | D:1      | Slain by a jackal

Levels and vault maps discovered:
D:1:      dpeg_arrival_erosion, layout_rooms

Action                   || total
-------------------------++-------
Melee: Unarmed           ||    11
       Constrict         ||     3
       Punch             ||     1
 Stab: Sleeping          ||     1
Dodge: Dodged            ||    10

Table legend:
 A = Non-vault XP
 B = Vault XP
 C = Vault XP percentage of total XP
 D = Non-vault monster count
 E = Vault monster count
 F = Vault count percentage of total count
                 A         B        C        D         E       F
            +---------+---------+-------+---------+---------+-------
      Total |       9 |       0 |   0.0 |       4 |       0 |   0.0
            +---------+---------+-------+---------+---------+-------
        D:1 |       9 |       0 |   0.0 |       4 |       0 |   0.0
            +---------+---------+-------+---------+---------+-------
